 Dungeon Crawl Stone Soup version 0.31-a0-818-ge7c7cf7 (webtiles) character file.

Game seed: 1317167667059651686

2 BarneyGumball the Sneak (level 1, 0/17 HPs)
             Began as a Gnoll Wanderer on Sept 22, 2023.
             Slain by a goblin
             ... wielding a +0 club
              (2 damage)
             ... on level 1 of the Dungeon.
             The game lasted 00:01:18 (126 turns).

BarneyGumball the Sneak (Gnoll Wanderer)             Turns: 126, Time: 00:01:18

Health: 0/17       AC:  4    Str: 11    XL:     1   Next: 40%
Magic:  4/4        EV: 13    Int:  9    God:
Gold:   13         SH:  0    Dex: 13    Spells: 5/5 levels left

rFire   . . .        a - +0 dagger
rCold   . . .        (no shield)
rNeg    . . .        f - +0 leather armour
rPois   .            (no helmet)
rElec   .            d - +0 cloak
rCorr   .            (no gloves)
SInv    .            (no boots)
Will    .....        (no amulet)
Stlth   +++          (no ring)
HPRegen 0.22/turn    (no ring)
MPRegen 0.09/turn

%: no passive effects
@: no status effects
A: fangs 1, strong nose, distributed training
a: no special abilities


You were on level 1 of the Dungeon.
You visited 1 branch of the dungeon, and saw 1 of its levels.

You collected 13 gold pieces.

Inventory:

Hand Weapons
 a - a +0 dagger (weapon)
Missiles
 b - an atropa-tipped dart (quivered)
 c - a datura-tipped dart
Armour
 d - a +0 cloak (worn)
 f - a +0 leather armour (worn)
Potions
 e - a potion of haste


   Skills:
 + Level 2.3 Fighting
 + Level 0.0 Short Blades
 + Level 0.0 Long Blades
 + Level 0.0 Axes
 + Level 0.0 Maces & Flails
 + Level 0.0 Polearms
 + Level 0.0 Staves
 + Level 0.0 Ranged Weapons
 + Level 0.0 Throwing
 + Level 0.0 Armour
 + Level 4.4 Dodging
 + Level 7.7 Stealth
 + Level 0.0 Shields
 + Level 0.0 Unarmed Combat
 + Level 2.6 Spellcasting
 + Level 0.0 Conjurations
 + Level 0.0 Hexes
 + Level 0.0 Summonings
 + Level 1.9 Necromancy
 + Level 0.0 Translocations
 + Level 0.0 Transmutations
 + Level 0.0 Fire Magic
 + Level 0.0 Ice Magic
 + Level 0.0 Air Magic
 + Level 0.0 Earth Magic
 + Level 0.0 Poison Magic
 + Level 2.4 Invocations
 + Level 0.0 Evocations
 + Level 0.0 Shapeshifting


You had 5 spell levels left.
You didn't know any spells.
Your spell library contained the following spells:

 Spells                   Type           Power      Damage    Failure   Level
 Sublimation of Blood     Necr           4%         N/A       28%         2
 Cigotuvi's Dreadful Rot  Necr/Pois/Air  4%         N/A       43%         2


Dungeon Overview and Level Annotations

Branches:
Dungeon (1/15)

Altars:


Innate Abilities, Weirdness & Mutations

You have very sharp teeth.
Your uncanny sense of smell can sniff out nearby items.
Your experience applies equally to all skills.


Message History

The hobgoblin shouts!
You hit the quokka.
The quokka is heavily wounded.
The quokka closely misses you.
You closely miss the quokka.
The quokka is heavily wounded.
The quokka bites you. x2
You are too injured to fight recklessly!
You barely miss the quokka.
The quokka is heavily wounded.
The quokka closely misses you.
You closely miss the quokka. Your bite misses the quokka.
The quokka is heavily wounded.
The quokka completely misses you.
You closely miss the quokka.
The quokka is heavily wounded.
The quokka bites you.
* * * LOW HITPOINT WARNING * * *
You barely miss the quokka.
The quokka is heavily wounded.
The quokka completely misses you. The gnoll hits you with a +0 club.
* * * LOW HITPOINT WARNING * * *
You hit the quokka. You punch the quokka.
The quokka is almost dead.
The quokka completely misses you. The gnoll misses you.
The quokka closely misses you.
You hit the quokka but do no damage.
The quokka is almost dead.
The gnoll closely misses you. The quokka barely misses you.
You hit the quokka.
You kill the quokka!
The gnoll closely misses you.
Okay, then.
You hit the goblin.
The goblin is severely wounded.
The gnoll hits you but does no damage. The goblin misses you.
You barely miss the goblin.
The goblin is severely wounded.
The gnoll closely misses you. The goblin hits you with a +0 club.
You die...

##.# #..........# ##.#
#..........# #..######
#..........#
....†...#####........>$#
........##..............
........##.......####.!
>................#
........###.....####
........# #.....@g.#
........# #....g##.:$.#
.........................
........###.....######..#
.######## #.....# .. .
####### .


You could see a gnoll and a goblin.

Vanquished Creatures
  A hobgoblin (D:1)
  A quokka (D:1)
2 creatures vanquished.

Notes
Turn   | Place    | Note
-------+----------+-------------------------------------------
     0 | D:1      | BarneyGumball the Gnoll Wanderer began the quest for the
                  | Orb.
     0 | D:1      | BarneyGumball set off with the following items: a +0
                  | dagger, an atropa-tipped dart, a datura-tipped dart, a +0
                  | cloak, a potion of haste, a +0 leather armour; and the
                  | following spells available to memorise: Sublimation of
                  | Blood, Cigotuvi's Dreadful Rot.
     0 | D:1      | Reached XP level 1. HP: 17/17 MP: 4/4
   126 | D:1      | Slain by a goblin

Illustrated notes

Levels and vault maps discovered:
D:1:      eino_arrival_cavern_b, layout_basic, basic_ecumenical_altar,
          serial_shops, nicolae_shop_gaudy_bauble

Action                     || total
---------------------------++-------
  Melee: Dagger            ||    30
         Bite              ||     2
         Punch             ||     1
 Armour: Leather armour    ||    14
  Dodge: Dodged            ||    26

Table legend: (Time is in decaauts)
 A = Elapsed time spent in this place.
 B = Non-inter-level travel time spent in this place.
 C = Inter-level travel time spent in this place.
 D = Time resting spent in this place.
 E = Time spent auto-exploring this place.
 F = Levels seen in this place.
 G = Mean time per level.
                   A        B        C        D        E       F      G
               +--------+--------+--------+--------+--------+-----+--------+
         Total |    127 |    127 |      0 |      0 |     79 |   1 |  127.0 |
       Dungeon |    127 |    127 |      0 |      0 |     79 |   1 |  127.0 |
               +--------+--------+--------+--------+--------+-----+--------+

Top non-repeatable levels by time:
     D:1: 127 daAuts
